 Dungeon Crawl Stone Soup version 0.29.1-12-g30fa7ad0bf (webtiles) character file.

Game seed: 5911843748695622046

584 ChadusMaximus the Trooper (level 7, 0/62 HPs)
             Began as a Minotaur Fighter on Dec 12, 2022.
             Slain by a gnoll sergeant
             ... wielding a +6 flail
              (16 damage)
             ... on level 4 of the Dungeon.
             The game lasted 00:03:10 (3985 turns).

ChadusMaximus the Trooper (Minotaur Fighter)        Turns: 3985, Time: 00:03:10

Health: 0/62       AC:  7    Str: 22    XL:     7   Next: 14%
Magic:  6/6        EV:  9    Int:  5    God:
Gold:   202        SH:  5    Dex: 10    Spells: 6/6 levels left

rFire   . . .      SeeInvis .   a - +0 war axe
rCold   . . .      Faith    .   c - +0 buckler
rNeg    . . .      Spirit   .   b - +0 scale mail
rPois   .          Reflect  .   (helmet restricted)
rElec   .          Harm     .   (no cloak)
rCorr   .          Rampage  .   (no gloves)
Will    .....                   (no boots)
Stlth   ..........              (no amulet)
HPRegen 0.20/turn               (no ring)
MPRegen 0.10/turn               (no ring)

@: no status effects
A: horns 2, retaliatory headbutt
a: no special abilities


You were on level 4 of the Dungeon.
You visited 1 branch of the dungeon, and saw 4 of its levels.

You collected 202 gold pieces.

Inventory:

Hand Weapons
 a - a +0 war axe (weapon)
Missiles
 o - 7 atropa-tipped darts (quivered)
Armour
 b - a +0 scale mail (worn)
 c - a +0 buckler (worn)
Scrolls
 g - a scroll of brand weapon
 h - a scroll of noise
 i - a scroll of torment
 k - 2 scrolls of teleportation
 m - a scroll of enchant armour
 n - a scroll of vulnerability
 p - a scroll of poison
 q - a scroll of magic mapping {unknown}
 w - a scroll of enchant weapon {unknown}
Potions
 d - a potion of might
 e - 2 potions of brilliance {unknown}
 j - 2 potions of heal wounds {unknown}
 l - 2 potions of mutation {unknown}
 r - 2 potions of attraction {unknown}
 s - a potion of invisibility {unknown}
 t - 2 potions of haste {unknown}
 u - a potion of cancellation {unknown}
 v - 2 potions of curing {unknown}
 x - a potion of berserk rage {unknown}


   Skills:
 + Level 5.9 Fighting
 + Level 5.1 Axes
 + Level 5.8 Armour
 + Level 5.8 Shields


You had 6 spell levels left.
You didn't know any spells.
Your spell library contained the following spells:

 Spells                   Type           Power      Damage    Failure   Level
 Slow                     Hex            0%         N/A       86%         1
 Confusing Touch          Hex            0%         N/A       99%         3
 Vampiric Draining        Necr           0%         2d6       99%         3


Dungeon Overview and Level Annotations

Branches:
Dungeon (4/15)
 Temple: D:4-7

Altars:
Trog
Yredelemnul

Shops:
D:2 =

Annotations:
D:3 3 runed translucent doors, Henri's ghost, amateur VSEn
D:4 1 runed translucent door, Crazy Yiuf


Innate Abilities, Weirdness & Mutations

You have a pair of horns on your head.
You reflexively headbutt those who attack you in melee.


Message History

You slash Sigmund!
You kill Sigmund!
Your Axes skill increases to level 5!
You have reached level 7!
Items here: ! ) / [ †.
You barely miss the gnoll sergeant.
The gnoll sergeant hits you with a +6 flail!
You hit the gnoll sergeant.
The gnoll sergeant is lightly wounded.
The gnoll sergeant barely misses you.
You hit the gnoll sergeant but do no damage.
You headbutt the gnoll sergeant.
The gnoll sergeant is moderately wounded.
The gnoll sergeant hits you with a +6 flail!
You block the gnoll sergeant's attack. The gnoll sergeant blocks your attack.
The gnoll sergeant is moderately wounded.
The gnoll sergeant barely misses you. You furiously retaliate!
You headbutt the gnoll sergeant. You slash the gnoll sergeant!
Your headbutt misses the gnoll sergeant.
The gnoll sergeant is severely wounded.
The gnoll sergeant hits you with a +6 flail!
You hit the gnoll sergeant but do no damage.
The gnoll sergeant is severely wounded.
You block the gnoll sergeant's attack. The gnoll sergeant barely misses you.
The gnoll sergeant blocks your attack.
Your headbutt misses the gnoll sergeant.
The gnoll sergeant is severely wounded.
The gnoll sergeant hits you with a +6 flail!
The gnoll sergeant blocks your attack.
The gnoll sergeant is severely wounded.
The gnoll sergeant hits you with a +6 flail!
* * * LOW HITPOINT WARNING * * *
You hit the gnoll sergeant.
Your headbutt misses the gnoll sergeant.
The gnoll sergeant is almost dead.
The gnoll sergeant barely misses you.
The gnoll sergeant hits you with a +6 flail!
You die...

####..## #§{§####
#..# #§§§##.# #
#..# #§§§##.# #
#..# #§§§##.# #
#..# #§§§##.#
#..######§§§##.###
#......##§§§##...#
♣
#.######g§§§§###.#
♣
#.#####)@§.§§###.#
♣♣
#.##......#####..#
♣. #.##.##.###
#.## ♣♣
#.##.##..## #.# ♣.
#.##.##.#.# #.# ♣.
##.##.###.## #.#
#. ##..##.# #.#
#.# ###. #......#
#.# #.# #.##
##.#.### #.#
#.######.##


You could see a gnoll sergeant.

Vanquished Creatures
  Sigmund (D:4)
  A black bear (D:4)
  A centaur (D:3)
  A scorpion (D:4)
  A centaur zombie (D:3)
  A hound (D:4)
  An iguana (D:4)
  A hound zombie (D:3)
  3 adders
  A worm (D:3)
  2 dart slugs
  An orc (D:4)
  9 ball pythons
  4 bats
  8 endoplasms
  8 goblins
  3 hobgoblins
  8 jackals
  3 frilled lizards
  4 kobolds
  2 rats (D:1)
64 creatures vanquished.

Vanquished Creatures (others)
  3 fungi (D:3)
  A plant (D:3)
4 creatures vanquished.

Grand Total: 68 creatures vanquished

Notes
Turn   | Place    | Note
-------+----------+-------------------------------------------
     0 | D:1      | ChadusMaximus the Minotaur Fighter began the quest for the
                  | Orb.
     0 | D:1      | Reached XP level 1. HP: 19/19 MP: 0/0
   449 | D:1      | Reached XP level 2. HP: 25/27 MP: 1/1
   487 | D:1      | Found a faded altar of an unknown god.
  1153 | D:2      | Reached XP level 3. HP: 33/33 MP: 2/2
  1267 | D:2      | Found Seobbaso's Jewellery Emporium.
  1707 | D:3      | Reached XP level 4. HP: 34/41 MP: 3/3
  1792 | D:3      | Found a basalt altar of Yredelemnul.
  1822 | D:3      | Found a bloodstained altar of Trog.
  1975 | D:3      | Found a runed translucent gate.
  1975 | D:3      | Found a runed translucent gate.
  1976 | D:3      | Noticed a kobold brigand
  1976 | D:3      | Noticed Henri's ghost (amateur VSEn)
  1977 | D:3      | Found a runed translucent gate.
  2025 | D:3      | Noticed a centaur
  2313 | D:3      | Killed a centaur
  2314 | D:3      | Reached XP level 5. HP: 24/47 MP: 4/4
  2693 | D:4      | Reached skill level 5 in Fighting
  2693 | D:4      | Reached skill level 5 in Shields
  2702 | D:4      | Reached skill level 5 in Armour
  2882 | D:4      | Found a runed translucent door.
  2883 | D:4      | Noticed Crazy Yiuf
  3045 | D:4      | Noticed Sigmund
  3049 | D:4      | Found a faded altar of an unknown god.
  3055 | D:4      | HP: 1/48 [gnoll sergeant/+6 flail (14)]
  3348 | D:4      | Noticed a black bear
  3419 | D:4      | Reached XP level 6. HP: 25/56 MP: 5/5
  3972 | D:4      | Killed Sigmund
  3973 | D:4      | Reached skill level 5 in Axes
  3973 | D:4      | Reached XP level 7. HP: 62/62 MP: 6/6
  3985 | D:4      | Slain by a gnoll sergeant

Illustrated notes

Levels and vault maps discovered:
D:1:      denvon_arrival_planthouse, layout_loops_cross,
          chequers_ecumenical_altar_lobes
D:2:      layout_rooms, serial_shops, nicolae_shop_window_shopping,
          reono_crystal_passage
D:3:      layout_rooms, trog_book, lemuel_zombie_altar_yredelemnul,
          gammafunk_ghost_nasty_kobolds
D:4:      layout_loops_ring, beargit_hepliaklqana_dungeon_heroes,
          minmay_temple_entry_nine_rooms, minmay_puff, uniq_sigmund,
          uniq_crazy_yiuf_cottage

Skill      XL: |  1  2  3  4  5  6 |
---------------+-------------------+-----
Fighting       | 4 5 |  5.9
Armour         | 4 5 |  5.8
Shields        | 4 5 |  5.8
Axes           | 3 4 5 |  5.1

Action                   |  1- 3 |  4- 6 |  7- 9 || total
-------------------------+-------+-------+-------++-------
Melee: War axe           |    86 |    71 |     9 ||   166
       Headbutt          |     9 |    12 |     1 ||    22
  Use: Scroll            |       |     7 |       ||     7
Armor: Scale mail        |    46 |    49 |       ||    95
Dodge: Dodged            |    36 |    36 |     4 ||    76
Block: Buckler           |    16 |    27 |     2 ||    45
